 Seeded DCSS version 0.30.1 (webtiles) character file.

Game seed: 2982770835899368061 (custom seed)

3850 CInkIbrahim the Carver (level 10, -6/46 HPs)
             Began as a Vine Stalker Gladiator on July 10, 2023.
             Was a Believer of Makhleb.
             Mangled by a two-headed ogre
             ... wielding a +0 giant spiked club
              (13 damage)
             ... on level 7 of the Dungeon.
             The game lasted 00:10:07 (4393 turns).

CInkIbrahim the Carver (Vine Stalker Gladiator)     Turns: 4393, Time: 00:10:08

Health: -6/46      AC:  9    Str: 22    XL:     10   Next: 18%
Magic:  0/11       EV: 13    Int: 11    God:    Makhleb [**....]
Gold:   403        SH:  0    Dex: 27    Spells: 9/9 levels left

rFire   . . .        H - +6 double sword of Contradiction {flame, rPois Str+3}
rCold   . . .        (no shield)
rNeg    . . .        t - +1 leather armour "Daed" {Dex+6}
rPois   +            c - +0 helmet
rElec   .            (no cloak)
rCorr   +            (no gloves)
SInv    .            (no boots)
Will    +....        (no amulet)
Stlth   ++           q - +4 ring of slaying
HPRegen 1.07/turn    I - ring "Haanop" {rCorr AC+4 Str+3 Int+3 Slay+3}
MPRegen 0.12/turn

%: guardian spirit
@: about to teleport, spiked
A: fangs 3, regeneration 1, magic shield, antimagic bite, no potion heal 2
a: Renounce Religion, Minor Destruction


You were on level 7 of the Dungeon.
You worshipped Makhleb.
Makhleb was pleased with you.
You visited 1 branch of the dungeon, and saw 7 of its levels.

You collected 403 gold pieces.

Inventory:

Hand Weapons
 a - a +6 dagger
 F - a +1 long sword
 H - the +6 double sword of Contradiction (weapon) {flame, rPois Str+3}
   (You acquired it on level 6 of the Dungeon)

   Str:       It affects your strength (+3).
   rPois:     It protects you from poison.
 J - a +0 falchion of holy wrath
 N - a +3 dagger of speed
Missiles
 d - 5 throwing nets (quivered)
 e - a javelin
 A - 5 silver boomerangs
 K - 3 poisoned darts
Armour
 b - a +0 leather armour
 c - a +0 helmet (worn)
 t - the +1 leather armour "Daed" (worn) {Dex+6}
   (You found it on level 4 of the Dungeon)

   Dex:       It affects your dexterity (+6).
 u - the +1 chain mail "Roet" {rElec rPois rF-}
   (You found it on level 4 of the Dungeon)

   rF:        It makes you vulnerable to fire.
   rElec:     It insulates you from electricity.
   rPois:     It protects you from poison.
 v - a +0 leather armour of poison resistance
 E - the +3 leather armour of Yredelemnul's Regard {Int+6 Stlth+}
   (You found it on level 5 of the Dungeon)

   Int:       It affects your intelligence (+6).
   Stlth:     It makes you more stealthy.
 L - +0 steam dragon scales
Jewellery
 q - a +4 ring of slaying (left hand)
 I - the ring "Haanop" (right hand) {rCorr AC+4 Str+3 Int+3 Slay+3}
   (You acquired it on level 6 of the Dungeon)

   [ring of protection]

   AC:        It affects your AC (+4).
   Str:       It affects your strength (+3).
   Int:       It affects your intelligence (+3).
   Slay:      It affects your accuracy & damage with ranged weapons and melee
   (+3).
   rCorr:     It protects you from acid and corrosion.
Wands
 s - a wand of polymorph (9)
 x - a wand of flame (36)
 C - a wand of charming (13)
 M - a wand of digging (4)
Scrolls
 h - a scroll of teleportation
 i - a scroll of fog
 k - 3 scrolls of enchant weapon
 m - a scroll of brand weapon {unknown}
 n - a scroll of fear {unknown}
 o - a scroll of poison {unknown}
 p - 7 scrolls of identify {unknown}
 r - a scroll of silence {unknown}
 y - 2 scrolls of magic mapping
 z - a scroll of immolation {unknown}
Potions
 f - 2 potions of curing
 g - a potion of brilliance {unknown}
 j - 2 potions of invisibility {unknown}
 l - 2 potions of might {unknown}
 w - a potion of lignification
 B - a potion of haste {unknown}
 D - a potion of degeneration {unknown}
 G - a potion of cancellation {unknown}


   Skills:
 - Level 1.7 Fighting
 + Level 13.3 Long Blades
 - Level 1.7 Throwing
 - Level 2.4 Dodging


You had 9 spell levels left.
You didn't know any spells.
Your spell library contained the following spells:

 Spells                   Type           Power      Damage    Failure   Level
 Hailstorm                Conj/Ice       0%         3d3       77%         3
 Ice Form                 Ice/Tmut       0%         N/A       99%         4
 Simulacrum               Ice/Necr       0%         N/A       100%        6


Dungeon Overview and Level Annotations

Branches:
Dungeon (7/15)
 Temple: D:4-7

Altars:
Cheibriados
Makhleb
Nemelex Xobeh
Ru
Trog
Wu Jian

Shops:
D:1 =:


Innate Abilities, Weirdness & Mutations

You have razor-sharp teeth.
Your natural rate of healing is unusually fast.
When hurt, damage is shared between your health and your magic reserves.
Your bite disrupts and absorbs the magic of your enemies.
Potions cannot restore your health.


Message History

The two-headed ogre barely misses you. x2; The brown ugly thing misses you.
The two-headed ogre attacks as you move away!
The two-headed ogre misses you.
The two-headed ogre hits you with a +0 giant club!
A manticore comes into view.
You slice the brown ugly thing!! You burn the brown ugly thing.
You kill the brown ugly thing!
Makhleb accepts your kill.
You feel better.
The manticore flicks its tail.
The volley of spikes misses you.
You slash the two-headed ogre! You burn the two-headed ogre.
You bite the two-headed ogre! You drain its power.
You feel invigorated.
The two-headed ogre is moderately wounded.
The two-headed ogre hits you with a +0 giant spiked club!!
The two-headed ogre hits you with a +0 giant club!!
The manticore flicks its tail.
The volley of spikes hits you!
The barbed spikes become lodged in your body.
* * * LOW HITPOINT WARNING * * *
You are too injured to fight recklessly!
You are too injured to fight recklessly!
The barbs in your skin will harm you if you move.
Continue?
Okay, then.
Unknown command.
Okay, then.
As you read the scroll of fog, it crumbles to dust.
The scroll dissolves into smoke.
Okay, then.
As you read the scroll of teleportation, it crumbles to dust.
You feel strangely unstable. The two-headed ogre barely misses you.
The two-headed ogre closely misses you.
Really quaff the potion of lignification?
Okay, then.
You slash the two-headed ogre! You burn the two-headed ogre.
You bite the two-headed ogre. You drain its power.
You feel invigorated.
The two-headed ogre is almost dead.
The two-headed ogre barely misses you.
The two-headed ogre hits you with a +0 giant club!!
You die...

#. #. ## #..####. ...
#.....# ### ### #..
###...# ###..#). #H##
###.. ###...... #...
### #.....§§##H§# #
......§O#§.# ###
.......#@§## #.. ...
.......##§§###..# ##
#......###§.#..# #
###....#..#...# ###
###..#).##.## ###))
#####...#########..)#
#.........##.....#
#.#.#.#.#.#....#..
##.......##.......


You could see a two-headed ogre and a manticore.

Vanquished Creatures
  Pikel (D:7)
  An ugly thing (D:7)
  Joseph (D:7)
  A slime creature (D:7)
  A wyvern (D:7)
  A basilisk (D:7)
  A steam dragon (D:7)
  Menkaure (D:4)
  Duvessa (D:7)
  2 black bears
  2 sky beasts
  An ice beast (D:6)
  A centaur (D:5)
  3 ogres
  2 phantoms (D:6)
  4 scorpions
  Dowan (D:7)
  A hound (D:7)
  3 iron imps (D:3)
  2 orc priests (D:7)
  A jelly (D:7)
  3 iguanas
  Ijyb (D:4)
  3 orc wizards
  8 adders
  7 gnolls (D:5)
  A white imp (D:7)
  An ufetubus (D:5)
  A worm (D:2)
  2 dart slugs (D:2)
  24 orcs
  8 endoplasms
  2 giant cockroaches
  14 goblins
  3 hobgoblins
  7 quokkas
  7 ball pythons
  4 bats
  4 frilled lizards
  8 kobolds
  8 rats
148 creatures vanquished.

Vanquished Creatures (others)
  An orc (D:7)
1 creature vanquished.

Grand Total: 149 creatures vanquished

Notes
Turn   | Place    | Note
-------+----------+-------------------------------------------
     0 | D:1      | CInkIbrahim the Vine Stalker Gladiator began the quest for
                  | the Orb.
     0 | D:1      | Reached XP level 1. HP: 11/11 MP: 2/2
    34 | D:1      | Reached skill level 3 in Long Blades
    47 | D:1      | Reached XP level 2. HP: 13/15 MP: 3/3
   215 | D:1      | Found Ycaleat's Jewellery Shop.
   279 | D:1      | Found Oxzy's Book Boutique.
   477 | D:2      | Reached XP level 3. HP: 18/18 MP: 4/4
   624 | D:2      | Reached skill level 4 in Long Blades
  1106 | D:3      | Gained mutation: Your natural rate of healing is unusually
                  | fast. [Vine Stalker growth]
  1106 | D:3      | Reached XP level 4. HP: 20/23 MP: 3/5
  1305 | D:3      | Found a snail-covered altar of Cheibriados.
  1363 | D:3      | Found a burning altar of Makhleb.
  1376 | D:3      | Reached skill level 5 in Long Blades
  1376 | D:3      | Reached XP level 5. HP: 21/26 MP: 4/6
  1513 | D:3      | Became a worshipper of Makhleb the Destroyer
  1666 | D:4      | Noticed Ijyb
  1677 | D:4      | Killed Ijyb
  1681 | D:4      | Reached skill level 6 in Long Blades
  1681 | D:4      | Reached XP level 6. HP: 24/30 MP: 5/7
  1770 | D:4      | Noticed a sky beast
  1771 | D:4      | Noticed Menkaure
  1774 | D:4      | Killed a sky beast
  1779 | D:4      | Killed Menkaure
  1780 | D:4      | Reached skill level 7 in Long Blades
  1780 | D:4      | Reached XP level 7. HP: 8/34 MP: 1/8
  1864 | D:4      | Identified the +1 leather armour "Daed" {Dex+6}
  1982 | D:4      | Found an ornate altar of the Wu Jian Council.
  2016 | D:4      | Identified the +1 chain mail "Roet" {rElec rPois rF-}
  2210 | D:4      | Noticed a spectral centipede
  2210 | D:4      | Noticed a spectral black mamba
  2210 | D:4      | Noticed a spectral cane toad
  2281 | D:5      | Entered Level 5 of the Dungeon
  2506 | D:5      | Reached skill level 8 in Long Blades
  2578 | D:5      | Gained mutation: You have razor-sharp teeth. [Vine Stalker
                  | growth]
  2578 | D:5      | Reached XP level 8. HP: 24/38 MP: 5/9
  2878 | D:5      | Found a sacrificial altar of Ru.
  2883 | D:5      | Reached * piety under Makhleb
  3078 | D:5      | Identified the +3 leather armour of Yredelemnul's Regard
                  | {Int+6 Stlth+}
  3375 | D:6      | Reached skill level 9 in Long Blades
  3560 | D:6      | Found a bloodstained altar of Trog.
  3645 | D:6      | Reached skill level 10 in Long Blades
  3645 | D:6      | Identified 2 scrolls of acquirement
  3645 | D:6      | Acquired the +6 double sword of Contradiction {flame, rPois
                  | Str+3}
  3646 | D:6      | Acquired the ring "Haanop" {rCorr AC+4 Str+3 Int+3 Slay+3}
  3764 | D:6      | Found a sparkling altar of Nemelex Xobeh.
  3942 | D:7      | Noticed a slime creature
  3985 | D:7      | Reached XP level 9. HP: 42/42 MP: 6/10
  3987 | D:7      | Reached skill level 11 in Long Blades
  4044 | D:7      | Noticed Joseph
  4051 | D:7      | Killed Joseph
  4071 | D:7      | Reached ** piety under Makhleb
  4088 | D:7      | Reached skill level 12 in Long Blades
  4150 | D:7      | Noticed Pikel
  4155 | D:7      | Killed Pikel
  4225 | D:7      | Noticed Dowan
  4226 | D:7      | Noticed Duvessa
  4238 | D:7      | Killed Duvessa
  4239 | D:7      | Reached XP level 10. HP: 27/46 MP: 6/11
  4240 | D:7      | Killed Dowan
  4377 | D:7      | Identified the +5 plate armour "Custar" {Fly rF+ Int+2}
  4382 | D:7      | Noticed a two-headed ogre
  4382 | D:7      | Noticed a brown ugly thing
  4384 | D:7      | Reached skill level 13 in Long Blades
  4388 | D:7      | Noticed a manticore
  4389 | D:7      | Killed a brown ugly thing
  4393 | D:7      | Mangled by a two-headed ogre

Illustrated notes

Levels and vault maps discovered:
D:1:      dpeg_arrival_solitude, layout_basic, serial_shops, shop,
          shop_fountains
D:2:      layout_basic, st_stairs_1
D:3:      layout_rooms, amcnicky_altar_gilded, demons_altar
D:4:      layout_basic, pdpol_wu_jian_five_deadly_venoms, uniq_ijyb,
          uniq_menkaure
D:5:      dreamdust_elfheim, layout_gridville, nicolae_ru_awakened_eye
D:6:      layout_cave_pools, nemelex_spade_bored_becter,
          overflow_temple_1_default, minmay_ogre_servants
D:7:      minmay_the_grid_four_pointed_star
          [minmay_the_grid_triangle_9x9_from_above,
          minmay_the_grid_triangle_9x9_sparse_checkered,
          minmay_the_grid_triangle_9x9_empty,
          minmay_the_grid_triangle_9x9_impossible_snake,
          minmay_the_grid_prize_four_corners_diamond_a], layout_loops_ring,
          nicolae_yredelemnul_ghost_church, minmay_temple_entry_nine_rooms,
          serial_bayou_pond_b, nicolae_concentric_dashed_squares_mild,
          uniq_duvessa, uniq_joseph, uniq_pikel

Skill      XL: |  1  2  3  4  5  6  7  8  9 10 |
---------------+-------------------------------+-----
Long Blades    | 3 4 5 6 7 8 10 12 13 | 13.3
Fighting       | |  1.7
Throwing       | |  1.7
Dodging        | |  2.4

Action                     |  1- 3 |  4- 6 |  7- 9 | 10-12 || total
---------------------------+-------+-------+-------+-------++-------
  Melee: Long sword        |   108 |    57 |   101 |       ||   266
         Bite              |    24 |     9 |    34 |     4 ||    71
         Punch             |     1 |     1 |     2 |       ||     4
         Double sword      |       |       |    41 |    15 ||    56
    Use: Scroll            |     2 |     1 |     3 |     2 ||     8
         Potion            |       |       |     3 |       ||     3
   Stab: Sleeping          |     6 |     1 |     4 |       ||    11
 Armour: Leather armour    |    32 |     9 |    35 |     1 ||    77
         Skin              |       |       |     3 |       ||     3
  Dodge: Dodged            |    52 |    30 |   114 |    13 ||   209
